 Dungeon Crawl Stone Soup version 0.19.5 (webtiles) character file.

4899 snowfan the Infuser (level 10, -1/56 HPs)
             Began as a Deep Elf Wizard on May 15, 2017.
             Was a Believer of Sif Muna.
             Slain by a five-headed hydra (11 damage)
             ... on level 1 of the Lair of Beasts.
             The game lasted 00:48:55 (12068 turns).

snowfan the Infuser (Deep Elf Wizard)              Turns: 12068, Time: 00:48:56

Health: -1/56      AC:  4    Str:  4    XL:     10   Next: 27%
Magic:  6/18       EV: 18    Int: 27    God:    Sif Muna [**....]
Gold:   446        SH:  0    Dex: 15    Spells: 5 memorised, 6 levels left

rFire  . . .     SeeInvis .     L - +0 hunting sling
rCold  . . .     Gourm    .     a - +0 robe
rNeg   . . .     Faith    .     (no shield)
rPois  .         Spirit   .     b - +0 hat
rElec  .         Reflect  .     (no cloak)
rCorr  +         Harm     .     w - +0 pair of gloves
MR     +....                    u - +0 pair of boots
Stlth  ++........               (no amulet)
                                g - ring of wizardry
                                f - ring of resist corrosion

@: repel missiles, divine energy
A: antennae 1, agile 1, wild magic 1, MP-powered wands
a: Stop Divine Energy, Renounce Religion


You were on level 1 of the Lair of Beasts.
You worshipped Sif Muna.
Sif Muna was pleased with you.
You were very hungry.

You visited 3 branches of the dungeon, and saw 10 of its levels.
You also visited: Sewer.

You collected 536 gold pieces.
You spent 90 gold pieces at shops.

Inventory:

Hand Weapons
 h - a +0 dagger
 L - a +0 hunting sling (weapon)
Missiles
 e - 125 stones
 o - 29 poisoned needles
 F - 55 sling bullets (quivered)
Armour
 a - a +0 robe (worn)
 b - a +0 hat (worn)
 u - a +0 pair of boots (worn)
 w - a +0 pair of gloves (worn)
Jewellery
 f - a ring of resist corrosion (left hand)
 g - a ring of wizardry (right hand)
Scrolls
 i - 2 scrolls of recharging {unknown}
 k - 9 scrolls of identify {unknown}
 l - a scroll of random uselessness {unknown}
 n - a scroll of enchant armour {unknown}
 p - a scroll of amnesia {unknown}
 r - 5 scrolls of remove curse {unknown}
 s - 5 scrolls of teleportation {unknown}
 t - 2 scrolls of enchant weapon {unknown}
 y - 2 scrolls of fog {unknown}
 D - 2 scrolls of noise {unknown}
 K - 3 scrolls of magic mapping {unknown}
 O - a scroll of vulnerability {unknown}
 P - a scroll of fear {unknown}
 Q - a scroll of acquirement {unknown}
 R - 2 scrolls of holy word {unknown}
Potions
 m - a potion of invisibility
 q - 2 potions of flight {unknown}
 v - a potion of mutation {unknown}
 x - a potion of might {unknown}
 z - 4 potions of agility {unknown}
 A - a potion of haste {unknown}
 B - 3 potions of degeneration {unknown}
 E - a potion of ambrosia {unknown}
 G - 2 potions of resistance {unknown}
 I - 3 potions of brilliance {unknown}
 J - a potion of cure mutation {unknown}
 M - 3 potions of curing
Comestibles
 d - 6 bread rations
 j - 13 fruits
 C - 4 beef jerkies
 H - 5 meat rations
 N - 8 slices of pizza


   Skills:
 - Level 3.5 Fighting
 - Level 1.6 Armour
 - Level 8.9 Dodging
 - Level 2.4 Stealth
 - Level 4.4 Spellcasting
 - Level 9.6 Conjurations
 - Level 11.4 Charms
   Level 1.1 Summonings
 + Level 3.2 Translocations


You had 6 spell levels left.
You knew the following spells:

 Your Spells              Type           Power        Failure   Level  Hunger
a - Magic Dart            Conj           ####         1%          1    None
c - Mephitic Cloud        Conj/Pois/Air  ####....     6%          3    ##.....
d - Conjure Flame         Conj/Fire      #####...     2%          3    ##.....
m - Repel Missiles        Chrm/Air       #####.       1%          2    None
q - Blink                 Tloc           N/A          2%          2    None


Dungeon Overview and Level Annotations

Branches:
Dungeon (8/15)             Temple (1/1) D:6            Lair (1/6) D:8

Altars:
Cheibriados
Elyvilon
Fedhas
Gozag
Qazlal
Ru
Sif Muna
Zin
The Shining One

Shops:
D:6 (   D:7 [


Innate Abilities, Weirdness & Mutations

You have a pair of small antennae on your head.
You are agile. (Dex +2)
Your spells are a little harder to cast, but a little more powerful.
You expend magic power (3 MP) to strengthen your wands.


Message History

The five-headed hydra is engulfed in roaring flames.
The five-headed hydra bites you!
The five-headed hydra closely misses you.
The five-headed hydra bites you.
The five-headed hydra closely misses you.
The five-headed hydra barely misses you.
Casting: Magic Dart
Confirm with . or Enter, or press ? or * to list all spells.
Aiming: Magic Dart
Press: ? - help, Shift-Dir - straight line, f/p - five-headed hydra
Aim: a five-headed hydra (flame, severely wounded)
The magic dart hits the five-headed hydra.
The five-headed hydra is severely wounded.
The five-headed hydra is engulfed in roaring flames.
The five-headed hydra completely misses you.
The five-headed hydra bites you but does no damage.
The five-headed hydra bites you!
* * * LOW HITPOINT WARNING * * *
The five-headed hydra bites you!
You die...

##.####..##.P.#
#... ##..#...#
..#.[# #.#.....#
.P.##..####....##
.# ##..#.....#
#.....####.#
#.### ####.###
#.#
....§§##.....#
#..
#...§§D@.....#
###
..##.###..#..#
#####.# ##


You could see a five-headed hydra.

Vanquished Creatures
  A spiny frog (Lair:1)
  A komodo dragon (D:8)
  Sigmund (D:3)
  The ghost of snowfan the Conjurer, an amateur DEWz (Sewer)
  2 yaks (D:7)
  2 hogs (D:7)
  A human (D:7)
  A porcupine (Lair:1)
  An orc warrior (D:7)
  An ice beast (D:8)
  A sky beast (D:6)
  An ogre (D:4)
  A phantom (D:6)
  2 centaurs (D:7)
  10 bullfrogs
  A scorpion (D:7)
  6 killer bees
  A centaur zombie (D:5)
  4 crimson imps
  5 hounds
  3 orc priests
  A bullfrog skeleton (D:6)
  A jelly (D:7)
  A gnoll shaman (D:5)
  5 iguanas
  Jessica (D:3)
  10 orc wizards
  Natasha (twice) (D:3)
  4 worker ants
  2 hound zombies
  2 worker ant zombies
  13 adders
  21 gnolls
  A shadow imp (D:7)
  9 oozes
  2 adder skeletons
  4 worms
  2 dart slugs
  14 leopard geckos
  23 orcs
  15 giant cockroaches
  4 goblins (D:1)
  9 hobgoblins
  13 jackals
  A quokka (D:4)
  15 ball pythons
  10 bats
  11 frilled lizards
  15 kobolds
  2 leopard gecko skeletons
  A leopard gecko zombie (D:7)
  12 rats
273 creatures vanquished.

Vanquished Creatures (others)
  A plant (D:8)
1 creature vanquished.

Grand Total: 274 creatures vanquished

Notes
Turn   | Place    | Note
-------+----------+-------------------------------------------
     0 | D:1      | snowfan the Deep Elf Wizard began the quest for the Orb.
     0 | D:1      | Reached XP level 1. HP: 10/10 MP: 7/7
   243 | D:1      | Reached XP level 2. HP: 15/15 MP: 0/9
   747 | D:1      | Reached XP level 3. HP: 19/19 MP: 7/10
  1206 | D:2      | Learned a level 3 spell: Conjure Flame
  1212 | D:1      | Learned a level 3 spell: Mephitic Cloud
  1215 | D:1      | Learned a level 2 spell: Blink
  1338 | D:2      | Reached XP level 4. HP: 24/24 MP: 7/12
  1899 | D:2      | Found a sacrificial altar of Ru.
  2176 | D:3      | Found a sacrificial altar of Ru.
  2212 | D:3      | Reached skill level 5 in Conjurations
  2226 | D:3      | Reached XP level 5. HP: 13/28 MP: 0/13
  2436 | D:3      | Noticed Jessica
  2436 | D:3      | Noticed Sigmund
  2463 | D:3      | Killed Jessica
  2612 | D:3      | Killed Sigmund
  2612 | D:3      | Reached XP level 6. HP: 32/32 MP: 1/14
  2795 | D:3      | Noticed Natasha
  2806 | D:3      | Killed Natasha
  2975 | D:3      | Noticed Natasha
  2979 | D:3      | Killed Natasha
  3022 | D:3      | Learned a level 2 spell: Repel Missiles
  3462 | D:4      | Reached skill level 1 in Charms
  3611 | D:4      | Reached XP level 7. HP: 36/36 MP: 3/15
  3612 | D:4      | Reached skill level 2 in Charms
  4051 | D:4      | Found a white marble altar of Elyvilon.
  4127 | D:4      | Found a blossoming altar of Fedhas.
  4141 | D:4      | Reached skill level 5 in Dodging
  4141 | D:4      | Reached skill level 3 in Charms
  4785 | D:4      | Found a stormy altar of Qazlal.
  4790 | D:4      | Found a snail-covered altar of Cheibriados.
  4795 | D:4      | Found a glowing golden altar of the Shining One.
  5138 | D:5      | Entered Level 5 of the Dungeon
  5436 | D:5      | Found Zin's Purification Station.
  5443 | D:5      | Found a glowing silver altar of Zin.
  5830 | D:5      | Reached XP level 8. HP: 31/41 MP: 3/16
  6243 | D:5      | Bought a potion of curing for 90 gold pieces
  6440 | D:5      | Reached skill level 1 in Fighting
  6614 | D:6      | Found Zikiskec's Antique Weapon Boutique.
  6711 | D:6      | Gained mutation: You are agile. (Dex +2) [mutagenic meat]
  6712 | D:6      | Lost mutation: You are agile. (Dex +2) [mutagenic meat]
  6713 | D:6      | Gained mutation: You have a pair of small antennae on your head. [mutagenic meat]
  6714 | D:6      | Gained mutation: You expend magic power (3 MP) to strengthen your wands. [mutagenic meat]
  6715 | D:6      | Gained mutation: You are agile. (Dex +2) [mutagenic meat]
  6716 | D:6      | Gained mutation: Your spells are a little harder to cast, but a little more powerful. [mutagenic meat]
  7090 | D:6      | Found a glowing drain.
  7115 | Sewer    | Entered a sewer
  7227 | Sewer    | Noticed snowfan's ghost (amateur DEWz)
  7236 | Sewer    | Killed snowfan's ghost
  8062 | Sewer    | Reached skill level 1 in Armour
  8248 | D:6      | Reached XP level 9. HP: 50/50 MP: 4/17
  8642 | D:6      | Found a deep blue altar of Sif Muna.
  8646 | D:6      | Became a worshipper of Sif Muna the Loreminder
  8804 | D:6      | Found a staircase to the Ecumenical Temple.
  8818 | Temple   | Entered the Ecumenical Temple
  8979 | D:7      | Reached skill level 4 in Charms
  9071 | D:7      | Reached skill level 5 in Charms
  9226 | D:7      | Reached skill level 6 in Charms
  9394 | D:7      | Found Cuaprauti's Armour Shoppe.
  9408 | D:7      | Reached * piety under Sif Muna
  9408 | D:7      | Reached skill level 7 in Charms
  9434 | D:7      | Reached skill level 8 in Charms
  9437 | D:7      | Reached skill level 9 in Charms
  9448 | D:7      | Reached skill level 10 in Charms
  9531 | D:7      | Reached ** piety under Sif Muna
 10010 | D:7      | Reached skill level 11 in Charms
 10678 | D:7      | Reached XP level 10. HP: 56/56 MP: 8/18
 10790 | D:7      | Found an opulent altar of Gozag.
 11360 | D:8      | Found a staircase to the Lair.
 11518 | Lair:1   | Entered Level 1 of the Lair of Beasts
 11803 | Lair:1   | Noticed a spiny frog
 11822 | Lair:1   | Killed a spiny frog
 12061 | Lair:1   | Noticed a five-headed hydra
 12068 | Lair:1   | Slain by a five-headed hydra

Skill      XL: |  1  2  3  4  5  6  7  8  9 10 |
---------------+-------------------------------+-----
Conjurations   | 2 3 4 5 7 8 9 |  9.6
Dodging        | 3 6 8 |  8.9
Charms         | 1 3 11 | 11.4
Fighting       | 3 |  3.5
Armour         | 1 |  1.6
Translocations | 3 |  3.2
Stealth        | |  2.4
Spellcasting   | |  4.4
Summonings     | |  1.1

Action                   |  1- 3 |  4- 6 |  7- 9 | 10-12 || total
-------------------------+-------+-------+-------+-------++-------
Melee: Dagger            |     6 |     7 |     1 |       ||    14
 Fire: Hunting sling     |       |       |   118 |     9 ||   127
Throw: Stone             |       |     3 |     7 |       ||    10
 Cast: Magic Dart        |    88 |   127 |   553 |    69 ||   837
       Mephitic Cloud    |       |     8 |    28 |     5 ||    41
       Conjure Flame     |       |     2 |    20 |     5 ||    27
       Repel Missiles    |       |     1 |       |       ||     1
       Blink             |       |       |     2 |     5 ||     7
Invok: Divine Energy     |       |       |       |     1 ||     1
  Use: Potion            |       |       |     2 |       ||     2
  Eat: Chunk             |     1 |     7 |    30 |     3 ||    41
Armor: Robe              |     1 |     9 |    29 |     3 ||    42
Dodge: Dodged            |    15 |    21 |   143 |    31 ||   210
       Deflected         |       |       |     3 |       ||     3
